cohdb
Replays
Latest Replays
All Replays
Popular Replays
Top Player Replays
Match Explorer
How It Works
Community
CoH3 Stats
Reddit
Sign in to upload your games and track your stats! →
Sign in with Steam
Match 46759714
Unlisted
Match 46759714
Overview
Messages
Build Orders
End
Kradschützen Motorcycle Team
Panzerpioneer Squad
Selects Battlefield Espionage Battlegroup
Panzerpioneer Squad
Panzerpioneer Squad
Construct Light Support Kompanie
2.5-tonne Medical Truck
Selects Intel Disruption Beacon
Panzerjäger Squad
Assault Mechanized Group
Panzerjäger Squad
Construct Mechanized Kompanie
Construct Panzerarmee Kommand
Selects Plunder
Selects 250/3 Funkpanzerwagen
MG34 Team
Panzer III L Medium Tank
Vehicle Survival Package
꿀뜨개Honeydipper
MIHua
Stana
BlueSkidrow™ Legion
0
0
Comments
sign in to comment!
No comments posted yet!